 Dungeon Crawl Stone Soup version 0.27-a0-1434-g6f15984924 (webtiles) character file.

Game seed: 10586440127906086930

179 dickylongcocking the Skirmisher (level 5, -1/43 HPs)
             Began as a Djinni Wanderer on July 3, 2021.
             Was an Initiate of Cheibriados.
             Slain by an adder (3 damage)
             ... on level 3 of the Dungeon.
             The game lasted 00:03:27 (3365 turns).

dickylongcocking the Skirmisher (Djinni Wanderer)   Turns: 3365, Time: 00:03:27

Health: -1/43      AC:  6    Str: 13    XL:     5   Next: 90%
Gold:   35         EV:  8    Int: 13    God:    Cheibriados [......] SH:  0 Dex: 15

rFire    + + +     SeeInvis +   a - +0 dagger
rCold    x . .     Faith    .   (no shield)
rNeg     . . .     Spirit   .   l - +0 scale mail
rPois    ∞         Reflect  .   (no helmet)
rElec    .         Harm     .   (no cloak)
rCorr    .         Rampage  .   (no gloves)
Will     .....                  (boots unavailable)
Stlth    ..........             (no amulet)
HPRegen  0.14/turn              h - ring of protection from fire
MPRegen  0.00/turn              k - ring of see invisible

@: mighty, attractive, flying, very slow
A: sickness immunity, fire resistance 2, cold vulnerability 1, float, innate
caster, hp casting, extra vitality 1
a: Renounce Religion, Bend Time


You were on level 3 of the Dungeon.
You worshipped Cheibriados.
Cheibriados was noncommittal.
You visited 1 branch of the dungeon, and saw 3 of its levels.

You collected 35 gold pieces.

Inventory:

Hand Weapons
 a - a +0 dagger (weapon)
Armour
 b - a +0 robe
 l - a +0 scale mail (worn)
Magical Staves
 c - a staff of fire
Jewellery
 h - a ring of protection from fire (left hand)
 k - a ring of see invisible (right hand)
Scrolls
 e - a scroll of noise {unknown}
 f - a scroll of immolation {unknown}
 g - 3 scrolls of identify {unknown}
 j - a scroll of acquirement {unknown}


   Skills:
 * Level 5.3 Fighting
 - Level 2.0 Armour
 - Level 1.0 Shields
 - Level 4.1 Spellcasting
 - Level 1.0 Evocations


You couldn't memorise any spells.
You knew the following spells:

 Your Spells              Type           Power      Damage    Failure   Level
a - Magic Dart            Conj           52%        1d5       19%         1
b - Blink                 Tloc           N/A        N/A       26%         2
c - Call Imp              Summ           13%        N/A       26%         2
d - Slow                  Hex            13%        N/A       26%         2
e - Conjure Flame         Conj/Fire      13%        6-21      47%         3
f - Mephitic Cloud        Conj/Pois/Air  13%        N/A       47%         3
g - Magic Dart            Conj           52%        1d5       19%         1
h - Dazzling Flash        Conj/Hex       26%        N/A       47%         3
i - Corona                Hex            14%        N/A       19%         1
j - Wereblood             Tmut           13%        N/A       26%         2

Your spell library contained the following spells:

 Spells                   Type           Power      Damage    Failure   Level
 Apportation              Tloc           26%        N/A       19%         1
 Gell's Gravitas          Tloc           6%         N/A       47%         3


Dungeon Overview and Level Annotations

Branches:
Dungeon (3/15)

Altars:
Cheibriados
Kikubaaqudgha


Innate Abilities, Weirdness & Mutations

You are immune to sickness and miasma.
You are immune to poison.
Your flesh is very heat resistant. (rF++)
You are vulnerable to cold. (rC-)
You float through the air rather than walking.
You learn spells naturally, not from books.
Your magical power is your life essence.
You have superior vitality. (+4 HP)


Message History

Your iron imp hits the orc priest!
The orc priest dies!
Cheibriados appreciates the change of pace.
The orc hits your crimson imp with a +0 hand axe.
The orc is engulfed in noxious fumes.
The orc appears confused.
The orc is pulled toward you! The adder is pulled toward you!
Unknown command.
You puncture the orc!
You kill the orc!
Cheibriados thoroughly appreciates the change of pace.
The adder closely misses your crimson imp.
Your crimson imp barely misses the orc.
Your iron imp barely misses the orc.
The orc is engulfed in noxious fumes.
The orc appears confused.
The orc hits you with a +0 hand axe.
* * * LOW HITPOINT WARNING * * *
The orc hits your iron imp but does no damage.
The orc closely misses your crimson imp.
The adder closely misses your crimson imp.
Unknown command.
Unknown command.
You hit the orc.
The orc is severely wounded.
Your crimson imp hits the orc.
The orc dies!
Cheibriados appreciates the change of pace.
An adder comes into view.
The adder is pulled toward you! x2
Unknown command.
You aren't carrying any potions.
Unknown command.
Okay, then.
You aren't carrying any items that you can evoke.
You aren't carrying any items that you can evoke.
Unknown command.
Your crimson imp closely misses the adder.
Your iron imp hits the adder.
The adder is pulled toward you!
You puncture the adder!
The adder is almost dead.
The adder bites you.
You die...

#.......... ###.........#
#.#.........#
##########.#..........#
#.........# #.........#
#.######.## #....S....#
#.# #.## #†..55....###
#.# #..## #...S........
..#####.#.###...@.....###
........##.#.########.#
###########>## # ## ###
.# .# )######### ###
:.)......# #.# .........#
#.#


You could see 2 adders, a friendly iron imp (summoned) and a friendly crimson
imp (summoned).

Vanquished Creatures
  3 adders
  2 orcs (D:3)
  5 endoplasms
  3 giant cockroaches (D:2)
  A goblin (D:1)
  4 hobgoblins
  9 jackals (D:1)
  3 quokkas
  3 ball pythons
  2 bats
  4 frilled lizards
  4 kobolds
  3 rats
46 creatures vanquished.

Vanquished Creatures (collateral kills)
  A necrophage (D:3)
  An orc priest (D:3)
  An adder (D:3)
  A worm (D:2)
  An orc (D:3)
5 creatures vanquished.

Grand Total: 51 creatures vanquished

Notes
Turn   | Place    | Note
-------+----------+-------------------------------------------
     0 | D:1      | dickylongcocking the Djinni Wanderer began the quest for
                  | the Orb.
     0 | D:1      | Reached XP level 1. HP: 17/17 MP: 0/0
   235 | D:1      | Reached skill level 2 in Fighting
   235 | D:1      | Reached XP level 2. HP: 17/23 MP: 0/0
   711 | D:1      | Reached XP level 3. HP: 16/29 MP: 0/0
   711 | D:1      | Learned a level 1 spell: Corona
  1274 | D:1      | Reached skill level 3 in Fighting
  2171 | D:2      | Reached XP level 4. HP: 13/35 MP: 0/0
  2974 | D:3      | Found a snail-covered altar of Cheibriados.
  3006 | D:3      | Became a worshipper of Cheibriados the Contemplative
  3273 | D:3      | Noticed a necrophage
  3291 | D:3      | Killed a necrophage
  3292 | D:3      | Reached skill level 4 in Fighting
  3292 | D:3      | Reached XP level 5. HP: 15/42 MP: 0/0
  3292 | D:3      | Learned a level 2 spell: Wereblood
  3312 | D:3      | Reached skill level 5 in Fighting
  3362 | D:3      | HP: 2/43 [orc (3)]
  3365 | D:3      | Slain by an adder

Illustrated notes

Levels and vault maps discovered:
D:1:      dpeg_arrival_yet_another_circle, layout_loops_ring
D:2:      layout_rooms, basic_altar
D:3:      layout_loops_ring, grunt_temple_overflow_opulence,
          cheibriados_altar_1, kennysheep_okawaru_gauntlet

Skill      XL: |  1  2  3  4  5 |
---------------+----------------+-----
Fighting       | 2 3 4 5 |  5.3
Armour         | |  2.0
Shields        | |  1.0
Spellcasting   | |  4.1
Evocations     | |  1.0

Action                   |  1- 3 |  4- 6 || total
-------------------------+-------+-------++-------
Melee: Dagger            |     6 |    55 ||    61
 Cast: Magic Dart        |    98 |    16 ||   114
       Call Imp          |       |     8 ||     8
       Mephitic Cloud    |       |     1 ||     1
  Use: Potion            |       |     2 ||     2
 Stab: Confused          |       |     1 ||     1
Armor: Robe              |    10 |     7 ||    17
       Scale mail        |       |    12 ||    12
Dodge: Dodged            |    19 |    26 ||    45

Table legend: (Time is in decaauts)
 A = Elapsed time spent in this place.
 B = Non-inter-level travel time spent in this place.
 C = Inter-level travel time spent in this place.
 D = Time resting spent in this place.
 E = Time spent auto-exploring this place.
 F = Levels seen in this place.
 G = Mean time per level.
                   A        B        C        D        E       F      G
               +--------+--------+--------+--------+--------+-----+--------+
         Total |   3433 |   3248 |    185 |    678 |   2172 |   3 | 1144.3 |
       Dungeon |   3433 |   3248 |    185 |    678 |   2172 |   3 | 1144.3 |
               +--------+--------+--------+--------+--------+-----+--------+

Top non-repeatable levels by time:
     D:1: 1896 daAuts
     D:2: 1153 daAuts
     D:3: 383 daAuts
